 Dungeon Crawl Stone Soup version 0.31.0-11-ge490571c62 (webtiles) character file.

Game seed: 16805056317278330589

208 Marvel the Chopper (level 5, -12/47 HPs)
             Began as a Hill Orc Fighter on Feb 8, 2024.
             Was an Initiate of Makhleb.
             Mangled by an ogre
             ... wielding a +0 giant club
              (33 damage)
             ... on level 4 of the Dungeon.
             The game lasted 00:01:48 (2433 turns).

Marvel the Chopper (Hill Orc Fighter)               Turns: 2433, Time: 00:01:48

Health: -12/47     AC:  7    Str: 21    XL:     5   Next: 86%
Magic:  5/5        EV:  9    Int:  8    God:    Makhleb [......]
Gold:   95         SH:  4    Dex: 10    Spells: 4/4 levels left

rFire   . . .        a - +0 war axe
rCold   . . .        c - +0 buckler
rNeg    . . .        b - +0 scale mail
rPois   .            (no helmet)
rElec   .            (no cloak)
rCorr   .            (no gloves)
SInv    .            (no boots)
Will    .....        (no amulet) Stlth
                     (no ring)
HPRegen 0.27/turn    (no ring)
MPRegen 0.09/turn

%: no passive effects
@: mighty
A: no striking features
a: Renounce Religion


You were on level 4 of the Dungeon.
You worshipped Makhleb.
Makhleb was noncommittal.
You visited 1 branch of the dungeon, and saw 4 of its levels.

You collected 95 gold pieces.

Inventory:

Hand Weapons
 a - a +0 war axe (weapon)
Armour
 b - a +0 scale mail (worn)
 c - a +0 buckler (worn)
Scrolls
 e - 3 scrolls of fog {unknown}
 l - 3 scrolls of identify {unknown}
Potions
 f - a potion of heal wounds {unknown}
 g - 2 potions of mutation {unknown}
 h - 2 potions of magic {unknown}
 i - 2 potions of ambrosia {unknown}
 j - a potion of brilliance {unknown}
 k - a potion of curing {unknown}
 m - a potion of invisibility {unknown}
 n - a potion of enlightenment {unknown}
 o - a potion of haste {unknown}
 p - a potion of resistance {unknown}
 q - a potion of berserk rage {unknown}


   Skills:
 + Level 4.6 Fighting
 + Level 5.4 Axes
 + Level 4.2 Armour
 + Level 0.5 Dodging
 + Level 3.9 Shields


You had 4 spell levels left.
You didn't know any spells.
Your spell library contained the following spells:

 Spells                   Type           Power      Damage    Failure   Level
 Slow                     Hex            0%         N/A       80%         1
 Cigotuvi's Dreadful Rot  Necr/Alch/Air  0%         N/A       91%         2
 Confusing Touch          Hex            0%         N/A       99%         3
 Sigil of Binding         Hex            0%         N/A       99%         3
 Vampiric Draining        Necr           0%         2d6       99%         3
 Ignite Poison            Fire/Alch      0%         N/A       100%        4
 Freezing Cloud           Conj/Ice/Air   0%         6-21      100%        5


Dungeon Overview and Level Annotations

Branches:
Dungeon (4/15)
 Temple: D:4-7

Altars:
Gozag
Makhleb
Uskayaw
Vehumet


Message History

You slash the hobgoblin!
You kill the hobgoblin!
Makhleb accepts your kill. The hound bites you. x2
You slash the hound!
You kill the hound!
Makhleb accepts your kill.
No target in view!
A malevolent force fills the Dungeon... and a teleportation trap spontaneously manifests!
You are yanked towards some nearby monsters!
Your surroundings seem slightly different.
An ogre and a quokka come into view.
The ogre shouts!
You hear a bark!
A ball python comes into view.
A jackal comes into view.
You closely miss the quokka.
The ball python hisses angrily.
The quokka completely misses you.
You hit the ogre.
The ogre is lightly wounded.
You miss the quokka.
A jackal comes into view.
The quokka barely misses you.
The ogre hits you with a +0 giant club!!
Ouch! That really hurt!
The quokka closely misses you.
You are too injured to fight recklessly!
You are too injured to fight recklessly!
You feel very mighty all of a sudden.
The jackal barks!
An adder comes into view.
The quokka barely misses you. The ogre completely misses you.
You slash the ogre!
The ogre is moderately wounded.
You slash the quokka!
You kill the quokka!
Makhleb accepts your kill. The jackal closely misses you.
The ogre hits you with a +0 giant club!!
Ouch! That really hurt!
You die...

'._#### #.### #.##..#
...######
#####.######........ .
##...........$....# ..
#.............#...###...
##.####...##..#........
....#####...........##..
##.......##......†....#.
#.#............@O......
#.......#.......hS....#
##........###..##.....#
#.......## #... .....#
#......... ..... .h..#
........####...$.##S..
.....<.## ##..#.# .#.
........# ##.#.. .


You could see an ogre, an adder, 2 jackals and a ball python.

Vanquished Creatures
  A jelly (D:4)
  A hound (D:4)
  A sleepcap (D:4)
  An iguana (D:4)
  3 adders
  2 dart slugs (D:1)
  6 orcs
  4 ball pythons
  4 bats
  9 endoplasms
  A giant cockroach (D:1)
  2 goblins
  5 hobgoblins
  7 jackals (D:1)
  4 quokkas
  2 frilled lizards (D:1)
  4 kobolds
  5 rats
62 creatures vanquished.

Notes
Turn   | Place    | Note
-------+----------+-------------------------------------------
     0 | D:1      | Marvel the Hill Orc Fighter began the quest for the Orb.
     0 | D:1      | Reached XP level 1. HP: 19/19 MP: 1/1
    41 | D:1      | Reached XP level 2. HP: 26/27 MP: 2/2
    45 | D:1      | Reached skill level 3 in Axes
   141 | D:1      | Reached XP level 3. HP: 32/33 MP: 3/3
   770 | D:2      | Found a faded altar of an unknown god.
  1119 | D:2      | Reached XP level 4. HP: 40/40 MP: 4/4
  1288 | D:2      | Found a burning altar of Makhleb.
  1297 | D:2      | Became a worshipper of Makhleb the Destroyer
  1785 | D:3      | Reached skill level 4 in Axes
  2236 | D:4      | Reached XP level 5. HP: 44/47 MP: 5/5
  2294 | D:4      | Reached skill level 5 in Axes
  2327 | D:4      | Found a radiant altar of Vehumet.
  2331 | D:4      | Found an opulent altar of Gozag.
  2335 | D:4      | Found a hide-covered altar of Uskayaw.
  2427 | D:4      | Noticed an ogre
  2433 | D:4      | Mangled by an ogre

Illustrated notes

Levels and vault maps discovered:
D:1:      dpeg_arrival_rooms_with_view, layout_basic
D:2:      layout_basic, basic_ecumenical_altar, basic_altar,
          kennysheep_pointless_box
D:3:      layout_basic, corexii_item_surrounded_by_moat,
          corexii_item_surrounded_by_moat
D:4:      layout_rooms, grunt_temple_overflow_diamond

Skill      XL: |  1  2  3  4  5 |
---------------+----------------+-----
Axes           | 3 4 5 |  5.4
Fighting       | 4 |  4.6
Armour         | 4 |  4.2
Dodging        | |  0.5
Shields        | |  3.9

Action                     |  1- 3 |  4- 6 || total
---------------------------+-------+-------++-------
  Melee: War axe           |    71 |    70 ||   141
    Use: Potion            |       |     1 ||     1
 Armour: Scale mail        |    51 |    46 ||    97
  Dodge: Dodged            |    36 |    42 ||    78
  Block: Buckler           |    12 |    12 ||    24
